RLBL
SALEM STORMBREAKERS @ JERSEY CITY CHICKS
04/17/1915
 
TOP OF THE 1ST
Salem Stormbreakers batting - Pitching for Jersey City Chicks : RHP William Woods
Pitching: RHP William Woods
Batting: LHB James Gelder 0-0: Fly out, F9 (Line Drive, 9, EV 94.4 MPH)
Batting: RHB Harry Russell 0-0: Fly out, F6 (Popup, 6D, EV 63.8 MPH)
Batting: LHB Boyd Collins 0-0: Fly out, F2 (Popup, 5SF, EV 75.0 MPH)
Top of the 1st over - 0 runs, 0 hits, 0 errors, 0 left on base; Salem 0 - Jersey City 0
BOTTOM OF THE 1ST
Jersey City Chicks batting - Pitching for Salem Stormbreakers : LHP William Blundell
Pitching: LHP William Blundell
Batting: RHB Mac Cronshey 0-0: Called Strike
0-1: Reached on error, E6 (Groundball, 6, EV 105.6 MPH)
Batting: LHB John Woodstock 0-0: Ball
1-0: Called Strike
Mac Cronshey is caught stealing 2nd base 2-6
1-1: Called Strike
1-2: Ball
2-2: Foul Ball, location: 7LDF
2-2: Fly out, F4 (Popup, 4, EV 75.0 MPH)
Batting: RHB Arthur Rumford 0-0: Swinging Strike
0-1: Ground out 4-3 (Groundball, 4MS, EV 86.9 MPH)
Bottom of the 1st over - 0 runs, 0 hits, 1 error, 0 left on base; Salem 0 - Jersey City 0
TOP OF THE 2ND
Salem Stormbreakers batting - Pitching for Jersey City Chicks : RHP William Woods
Batting: RHB Earl Twitchen 0-0: Ball
1-0: Called Strike
1-1: Ground out 4-3 (Groundball, 4, EV 87.5 MPH)
Batting: LHB Norval Bushrod 0-0: Ball
1-0: Foul Ball, location: 3F
1-1: SINGLE (Groundball, 4MD, EV 98.8 MPH)
Batting: RHB Vern Chennells 0-0: Called Strike
0-1: Ball
Pickoff Throw to First - Out! 1-3
1-1: Ball
2-1: Fly out, F8 (Flyball, 8RM, EV 95.0 MPH)
Top of the 2nd over - 0 runs, 1 hit, 0 errors, 0 left on base; Salem 0 - Jersey City 0
BOTTOM OF THE 2ND
Jersey City Chicks batting - Pitching for Salem Stormbreakers : LHP William Blundell
Batting: RHB Cornelius Cook 0-0: SINGLE (Groundball, 34S, EV 81.9 MPH)
Batting: LHB John Hales 0-0: Ball
Cornelius Cook steals 2nd base (no throw)
1-0: Ball
2-0: Sac Bunt to 3S - play at first, batter OUT! 3-1
Cornelius Cook to third
Batting: LHB Rocky Marino 0-0: SINGLE (Line Drive, 7LS, EV 98.8 MPH)
Cornelius Cook scores
Batting: RHB Lavern Young 0-0: Ball
1-0: SINGLE (Line Drive, 5D, EV 95.0 MPH)
Rocky Marino to second
Batting: RHB Arthur Smith 0-0: SINGLE (Groundball, 34S, EV 68.8 MPH)
Rocky Marino to third
Lavern Young to second
Batting: RHB William Woods 0-0: Called Strike
0-1: Ball
1-1: SINGLE (Line Drive, 78S, EV 101.9 MPH)
Rocky Marino scores
Lavern Young to third
Arthur Smith to second
Batting: RHB Mac Cronshey 0-0: Called Strike
0-1: Ball
1-1: Foul Ball, location: 9LDF
1-2: Foul Ball, location: 9LMF
1-2: Strikes out swinging
Batting: LHB John Woodstock 0-0: Called Strike
0-1: Foul Ball, location: 2F
0-2: Ball
1-2: Fly out, F5 (Line Drive, 5L, EV 61.3 MPH)
Bottom of the 2nd over - 2 runs, 5 hits, 0 errors, 3 left on base; Salem 0 - Jersey City 2
TOP OF THE 3RD
Salem Stormbreakers batting - Pitching for Jersey City Chicks : RHP William Woods
Batting: RHB Urban Teale 0-0: Fly out, F6 (Popup, 56D, EV 66.9 MPH)
Batting: RHB Jesse Camps 0-0: Called Strike
0-1: Fly out, F8 (Flyball, 8LXD, EV 94.4 MPH)
Batting: LHB William Blundell 0-0: Fly out, F3 (Popup, 3F, EV 82.5 MPH)
Top of the 3rd over - 0 runs, 0 hits, 0 errors, 0 left on base; Salem 0 - Jersey City 2
BOTTOM OF THE 3RD
Jersey City Chicks batting - Pitching for Salem Stormbreakers : LHP William Blundell
Batting: RHB Arthur Rumford 0-0: SINGLE (Line Drive, 8LS, EV 91.9 MPH)
Batting: RHB Cornelius Cook 0-0: Swinging Strike
0-1: Ball
1-1: Ball
2-1: Fielders Choice at 2nd, 6-4 (Groundball, 6, EV 102.5 MPH)
Batting: LHB John Hales 0-0: Ball
Cornelius Cook is caught stealing 2nd base 2-6
1-0: Called Strike
1-1: Called Strike
1-2: Strikes out swinging, 2-3 out at first.
Bottom of the 3rd over - 0 runs, 1 hit, 0 errors, 0 left on base; Salem 0 - Jersey City 2
TOP OF THE 4TH
Salem Stormbreakers batting - Pitching for Jersey City Chicks : RHP William Woods
Batting: LHB James Gelder 0-0: Fly out, F7 (Line Drive, 7S, EV 108.1 MPH)
Batting: RHB Harry Russell 0-0: Foul Ball, location: 5DF
0-1: Foul Ball, location: 3FF
0-2: Ball
1-2: Strikes out looking
Batting: LHB Boyd Collins 0-0: Swinging Strike
0-1: Foul Ball, location: 7LSF
0-2: Foul Ball, location: 7LDF
0-2: Foul Ball, location: 2F
0-2: Foul Ball, location: 3F
0-2: Ball
1-2: Ball
2-2: Strikes out swinging
Top of the 4th over - 0 runs, 0 hits, 0 errors, 0 left on base; Salem 0 - Jersey City 2
BOTTOM OF THE 4TH
Jersey City Chicks batting - Pitching for Salem Stormbreakers : LHP William Blundell
Batting: LHB Rocky Marino 0-0: Swinging Strike
0-1: Called Strike
0-2: TRIPLE (Flyball, 89XD, EV 98.1 MPH)
Batting: RHB Lavern Young 0-0: Foul Ball, location: 9LMF
0-1: Fly out, F8 (Flyball, 8RS, EV 91.9 MPH)
Batting: RHB Arthur Smith 0-0: Swinging Strike
0-1: SINGLE (Groundball, 4S, EV 63.8 MPH) (infield hit)
Rocky Marino scores
Batting: RHB William Woods 0-0: Called Strike
0-1: SINGLE (Groundball, 34D, EV 109.4 MPH)
Arthur Smith to second
Runner from 2nd tries for 3rd, SAFE, throw by RF made to third
William Woods to second
Batting: RHB Mac Cronshey 0-0: Ball
1-0: Ball
2-0: Called Strike
2-1: Foul Ball, location: 23F
2-2: Fly out, F7 (Flyball, 7S, EV 91.3 MPH)
Batting: LHB John Woodstock 0-0: Called Strike
0-1: Swinging Strike
0-2: Ball
1-2: Ball
2-2: SINGLE (Line Drive, 4D, EV 95.0 MPH)
Arthur Smith scores
William Woods to third
Batting: RHB Arthur Rumford 0-0: Swinging Strike
0-1: Foul Ball, location: 2F
0-2: Ball
1-2: Fly out, F8 (Flyball, 89M, EV 86.9 MPH)
Bottom of the 4th over - 2 runs, 4 hits, 0 errors, 2 left on base; Salem 0 - Jersey City 4
TOP OF THE 5TH
Salem Stormbreakers batting - Pitching for Jersey City Chicks : RHP William Woods
Batting: RHB Earl Twitchen 0-0: Swinging Strike
0-1: Ball
1-1: Fly out, F4 (Popup, 4, EV 75.0 MPH)
Batting: LHB Norval Bushrod 0-0: Ball
1-0: Swinging Strike
1-1: DOUBLE (Line Drive, 7LM, EV 100.6 MPH)
Batting: RHB Vern Chennells 0-0: Ball
1-0: Foul Ball, location: 23F
1-1: Called Strike
1-2: Ball
2-2: Ball
3-2: Fly out, F8 (Flyball, 8LS, EV 83.8 MPH)
Batting: RHB Urban Teale 0-0: Called Strike
0-1: Ball
1-1: Fly out, F8 (Flyball, 8RM, EV 85.0 MPH)
Top of the 5th over - 0 runs, 1 hit, 0 errors, 1 left on base; Salem 0 - Jersey City 4
BOTTOM OF THE 5TH
Jersey City Chicks batting - Pitching for Salem Stormbreakers : LHP William Blundell
Batting: RHB Cornelius Cook 0-0: Foul Ball, location: 2F
0-1: Ball
1-1: Ground out U3 (Groundball, 34, EV 88.1 MPH)
Batting: LHB John Hales 0-0: Called Strike
0-1: Ball
1-1: Ball
2-1: Foul Ball, location: 9LMFF
2-2: Foul Ball, location: 7LMF
2-2: Fly out, F7 (Flyball, 78D, EV 102.5 MPH)
Batting: LHB Rocky Marino 0-0: Swinging Strike
0-1: Ball
1-1: SINGLE (Line Drive, 7S, EV 107.5 MPH)
Batting: RHB Lavern Young 0-0: Ball
1-0: Ball
2-0: Ball
3-0: Base on Balls
Rocky Marino to second
Batting: RHB Arthur Smith 0-0: Foul Ball, location: 2F
0-1: Foul Ball, location: 2F
0-2: Fly out, F8 (Flyball, 8RD, EV 93.8 MPH)
Bottom of the 5th over - 0 runs, 1 hit, 0 errors, 2 left on base; Salem 0 - Jersey City 4
TOP OF THE 6TH
Salem Stormbreakers batting - Pitching for Jersey City Chicks : RHP William Woods
Batting: RHB Jesse Camps 0-0: Called Strike
0-1: Fly out, F4 (Flyball, 34D, EV 83.8 MPH)
Batting: LHB William Blundell 0-0: Swinging Strike
0-1: Fly out, F8 (Flyball, 89S, EV 70.0 MPH)
Batting: LHB James Gelder 0-0: Fly out, F8 (Flyball, 78M, EV 92.5 MPH)
Top of the 6th over - 0 runs, 0 hits, 0 errors, 0 left on base; Salem 0 - Jersey City 4
BOTTOM OF THE 6TH
Jersey City Chicks batting - Pitching for Salem Stormbreakers : LHP William Blundell
Batting: RHB William Woods 0-0: Fly out, F5 (Popup, 5SF, EV 80.6 MPH)
Batting: RHB Mac Cronshey 0-0: SINGLE (Line Drive, 7LM, EV 93.8 MPH)
Batting: LHB John Woodstock 0-0: Ball
1-0: Ball
2-0: Called Strike
2-1: Ball
3-1: Called Strike
3-2: Foul Ball, location: 25F
3-2: Strikes out swinging
Batting: RHB Arthur Rumford 0-0: Ball
Mac Cronshey is caught stealing 2nd base 2-4
Bottom of the 6th over - 0 runs, 1 hit, 0 errors, 0 left on base; Salem 0 - Jersey City 4
TOP OF THE 7TH
Salem Stormbreakers batting - Pitching for Jersey City Chicks : RHP William Woods
Batting: RHB Harry Russell 0-0: Ball
1-0: Ball
2-0: Ground out 6-3 (Groundball, 6MD, EV 93.8 MPH)
Batting: LHB Boyd Collins 0-0: Called Strike
0-1: Ball
1-1: Ball
2-1: Reached on error, E6 (Groundball, 4MS, EV 69.4 MPH)
Batting: RHB Earl Twitchen 0-0: Ball
1-0: Called Strike
1-1: Foul Ball, location: 2F
1-2: Ball
2-2: Ball
3-2: Fly out, F7 (Flyball, 78M, EV 86.9 MPH)
Batting: LHB Norval Bushrod 0-0: Foul Ball, location: 3FF
0-1: Ball
1-1: Fly out, F8 (Flyball, 8LM, EV 88.1 MPH)
Top of the 7th over - 0 runs, 0 hits, 1 error, 1 left on base; Salem 0 - Jersey City 4
BOTTOM OF THE 7TH
Jersey City Chicks batting - Pitching for Salem Stormbreakers : LHP William Blundell
Batting: RHB Arthur Rumford 0-0: Ball
1-0: Fly out, F4 (Popup, 34D, EV 45.0 MPH)
Batting: RHB Cornelius Cook 0-0: Ball
1-0: Called Strike
1-1: Ball
2-1: Foul Ball, location: 2F
2-2: Ball
3-2: Foul Ball, location: 5DF
3-2: Ground out 5-3 (Groundball, 56S, EV 88.8 MPH)
Batting: LHB John Hales 0-0: Foul Ball, location: 2F
0-1: Called Strike
0-2: Ground out 4-3 (Groundball, 4, EV 92.5 MPH)
Bottom of the 7th over - 0 runs, 0 hits, 0 errors, 0 left on base; Salem 0 - Jersey City 4
TOP OF THE 8TH
Salem Stormbreakers batting - Pitching for Jersey City Chicks : RHP William Woods
Batting: RHB Vern Chennells 0-0: Ball
1-0: Called Strike
1-1: Ground out 6-3 (Groundball, 6, EV 88.1 MPH)
Batting: RHB Urban Teale 0-0: Called Strike
0-1: Ground out 5-3 (Groundball, 56, EV 106.3 MPH)
Batting: RHB Jesse Camps 0-0: Ball
1-0: Ball
2-0: Foul Ball, location: 23FF
2-1: Foul Ball, location: 3F
2-2: Ball
3-2: Fly out, F8 (Flyball, 8RM, EV 95.0 MPH)
Top of the 8th over - 0 runs, 0 hits, 0 errors, 0 left on base; Salem 0 - Jersey City 4
BOTTOM OF THE 8TH
Jersey City Chicks batting - Pitching for Salem Stormbreakers : LHP William Blundell
Pitching: RHP Fletcher Hunter
Batting: LHB Rocky Marino 0-0: Ball
1-0: Ball
2-0: Foul Ball, location: 2F
2-1: Called Strike
2-2: Ball
3-2: Ground out 1-3 (Groundball, 13S, EV 65.6 MPH)
Batting: RHB Lavern Young 0-0: Foul Ball, location: 9LSF
0-1: Ball
1-1: Ball
2-1: Foul Ball, location: 9LSF
2-2: Foul Ball, location: 2F
2-2: Ball
3-2: TRIPLE (Flyball, 78XD, EV 103.1 MPH)
Batting: RHB Arthur Smith 0-0: Called Strike
0-1: Called Strike
0-2: Foul Ball, location: 2LF
0-2: Foul Ball, location: 7LDF
0-2: Ball
1-2: Foul Ball, location: 2F
1-2: Ball
2-2: SINGLE (Line Drive, 8LS, EV 108.1 MPH)
Lavern Young scores
Batting: RHB William Woods 0-0: Fly out, F9 (Line Drive, 9S, EV 92.5 MPH)
Batting: RHB Mac Cronshey 0-0: TRIPLE (Line Drive, 8RXD, EV 109.4 MPH)
Arthur Smith scores
Batting: LHB John Woodstock 0-0: Ball
1-0: Ball
2-0: Ball
3-0: Called Strike
3-1: Base on Balls
Batting: RHB Arthur Rumford 0-0: Swinging Strike
0-1: Hit by Pitch
John Woodstock to second
Batting: RHB Cornelius Cook 0-0: Called Strike
0-1: Ball
1-1: Fly out, F8 (Flyball, 78D, EV 94.4 MPH)
Bottom of the 8th over - 2 runs, 3 hits, 0 errors, 3 left on base; Salem 0 - Jersey City 6
TOP OF THE 9TH
Salem Stormbreakers batting - Pitching for Jersey City Chicks : RHP William Woods
Pinch Hitting: LHB Laurence Crutchley 0-0: Called Strike
0-1: Called Strike
0-2: Ball
1-2: Ball
2-2: SINGLE (Line Drive, 78S, EV 94.4 MPH)
Batting: LHB James Gelder 0-0: Foul Ball, location: 2F
0-1: Ball
1-1: Fielders Choice at 2nd, 5-4 (Groundball, 56D, EV 95.6 MPH)
Batting: RHB Harry Russell 0-0: Ball
1-0: Ball
Wild Pitch!
James Gelder to second
2-0: Called Strike
2-1: Ball
3-1: Foul Ball, location: 9LSF
3-2: Fly out, F7 (Flyball, 78XD, EV 105.6 MPH)
Batting: LHB Boyd Collins 0-0: Fly out, F6 (Popup, 6, EV 64.4 MPH)
Top of the 9th over - 0 runs, 1 hit, 0 errors, 1 left on base; Salem 0 - Jersey City 6
Sunday, October 27th , 2024 - OOTP Baseball 25.9 Build 91